[Event "Titled Tuesday Blitz June 28 Early 2022"]
[White "Gatterer, Florian"]
[Black "Soham Kamotra"]
[WhiteFideId "811688"]
[BlackFideId "46647490"]
[WhiteElo "2218"]
[BlackElo "2082"]
[Result "0-1"]
[Round "04"]
[TimeControl "180+1"]
[Date "2022.06.28"]
[WhiteClock "0:01:08"]
[BlackClock "0:01:46"]

1. d4 Nf6 2. Nf3 g6 3. g3 Bg7 4. Bg2 O-O 5. O-O d5 6. c4 c6 7. a4 dxc4 8. Na3 Nbd7 9. Nxc4 Nb6 10. Nfe5 Nxc4 11. Nxc4 Be6 12. Ne5 Bd5 13. f3 Nd7 14. Nxd7 Qxd7 15. Re1 Be6 16. Be3 Rfd8 17. Qc2 Bxd4 18. Bxd4 Qxd4+ 19. Kf1 Qc4 20. Qxc4 Bxc4 21. Rac1 Bb3 22. a5 a6 23. Rc3 Be6 24. h4 Rd2 25. b4 Rad8 26. Rb1 Rd1+ 27. Rxd1 Rxd1+ 28. Kf2 Rb1 29. f4 Rxb4 30. Bxc6 bxc6 31. Rxc6 Bc4 32. Ke3 Bb5 33. Rb6 Rb2 34. Kd4 Rxe2 35. h5 Kg7 36. g4 Ra2 37. g5 gxh5 38. f5 Rg2 39. f6+ exf6 40. gxf6+ Kg6 41. Ke5 Re2+ 0-1


[Site "https://www.chess.com"]

[Event "Titled Tuesday Blitz June 28 Early 2022"]
[White "Golubev, Mikhail"]
[Black "Ortega Ruiz, Jose Miguel"]
[WhiteFideId "14100983"]
[BlackFideId "2209713"]
[WhiteElo "2374"]
[BlackElo "2292"]
[Result "1-0"]
[Round "04"]
[TimeControl "180+1"]
[Date "2022.06.28"]
[WhiteClock "0:00:15"]
[BlackClock "0:00:52"]

1. e4 c5 2. Nf3 Nc6 3. Nc3 Nf6 4. Bb5 a6 5. Bxc6 dxc6 6. h3 g6 7. d3 Bg7 8. Be3 Nd7 9. Qd2 h6 10. O-O-O e5 11. Nh2 Qe7 12. f4 exf4 13. Bxf4 Nf8 14. Ng4 Bxg4 15. hxg4 g5 16. Be3 O-O-O 17. Rdf1 Ne6 18. Rf5 c4 19. Rhf1 Rhf8 20. Na4 Bd4 21. Nb6+ Kb8 22. Nxc4 Bxe3 23. Qxe3 Nd4 24. Rf6 Qc5 25. Rxf7 Rxf7 26. Rxf7 b5 27. Qg3+ Ka8 28. Qc7 Rb8 29. b4 Ne6 30. Qxb8+ Kxb8 31. bxc5 bxc4 32. Rf6 Nf4 33. Rxh6 cxd3 34. cxd3 Nxd3+ 35. Kc2 Nxc5 36. e5 Kc8 37. Rxc6+ 1-0


[Site "https://www.chess.com"]

[Event "Titled Tuesday Blitz June 28 Early 2022"]
[White "Gubajdullin, Alexei"]
[Black "Fernandez Siles, Luis"]
[WhiteFideId "4141202"]
[BlackFideId "2209420"]
[WhiteElo "2280"]
[BlackElo "2211"]
[Result "1-0"]
[Round "04"]
[TimeControl "180+1"]
[Date "2022.06.28"]
[WhiteClock "0:00:53"]
[BlackClock "0:00:06"]

1. c4 Nf6 2. Nf3 g6 3. g3 Bg7 4. Bg2 O-O 5. O-O d5 6. cxd5 Nxd5 7. d4 Nb6 8. h3 Nc6 9. e3 e5 10. dxe5 Nxe5 11. Nxe5 Bxe5 12. Qe2 c6 13. Rd1 Qe7 14. Nd2 Be6 15. Nf3 Bg7 16. Nd4 Bd5 17. e4 Bc4 18. Qc2 Rad8 19. Be3 Ba6 20. Bf1 Bxf1 21. Kxf1 Qb4 22. Nb3 Nc4 23. Bc5 Qb5 24. Kg2 Nxb2 25. Bxf8 Rxf8 26. Rd7 Na4 27. Rad1 Nc3 28. R1d2 Qe5 29. f4 Qxe4+ 30. Qxe4 Nxe4 31. Rc2 Rb8 32. Na5 b5 33. Nxc6 Re8 34. Nxa7 b4 35. Rc8 Rxc8 36. Nxc8 Nc3 37. Ra7 Bd4 38. Ra8 Kg7 39. Ne7 Kf6 40. Nc6 Bc5 41. Ne5 h5 42. Ra6+ Ke7 43. Nd3 Bd6 44. g4 hxg4 45. hxg4 f5 46. g5 Nd5 47. Kf3 Nc3 48. Ne5 Bxe5 49. fxe5 Ne4 50. Kf4 Nc5 51. Rxg6 Nd3+ 52. Kxf5 1-0


[Site "https://www.chess.com"]

[Event "Titled Tuesday Blitz June 28 Early 2022"]
[White "Haas, Michael"]
[Black "Gurevich, Dmitry"]
[WhiteFideId "1629514"]
[BlackFideId "2000407"]
[WhiteElo "1982"]
[BlackElo "2506"]
[Result "0-1"]
[Round "04"]
[TimeControl "180+1"]
[Date "2022.06.28"]
[WhiteClock "0:01:38"]
[BlackClock "0:02:01"]

1. d4 Nf6 2. c4 a6 3. g3 c5 4. d5 b5 5. cxb5 axb5 6. Bg2 Bb7 7. e4 d6 8. Ne2 g6 9. O-O Bg7 10. a3 O-O 11. Qc2 Nbd7 12. h3 Qa5 13. Bg5 Qa4 14. Qxa4 bxa4 15. Nbc3 Ba6 16. Rfe1 Rfb8 17. Rab1 Ne5 18. Nc1 Nc4 19. Nxa4 Nxa3 0-1


[Site "https://www.chess.com"]

[Event "Titled Tuesday Blitz June 28 Early 2022"]
[White "Hamley, Ryan"]
[Black "Dankhazi, Andras"]
[WhiteFideId "30959497"]
[BlackFideId "714267"]
[WhiteElo "2488"]
[BlackElo "2325"]
[Result "0-1"]
[Round "04"]
[TimeControl "180+1"]
[Date "2022.06.28"]
[WhiteClock "0:00:05"]
[BlackClock "0:00:19"]

1. d4 e6 2. c4 b6 3. a3 Bb7 4. Nc3 f5 5. d5 Nf6 6. g3 Be7 7. Bg2 O-O 8. Nf3 a5 9. O-O Na6 10. Nd4 Nc5 11. Rb1 exd5 12. cxd5 g6 13. Bh6 Re8 14. b4 axb4 15. axb4 Nce4 16. Nxe4 fxe4 17. f3 Bxd5 18. fxe4 Bxe4 19. Bxe4 Nxe4 20. Qc2 d5 21. Nb5 Qd7 22. Nxc7 Rec8 23. Qb2 Bf6 24. Rxf6 Qxc7 25. Rf4 Qc3 26. Qxc3 Nxc3 27. Re1 Rc4 28. Rf6 Ne4 29. Rxb6 Rcc8 30. Rb7 Rab8 31. Rxb8 Rxb8 32. Rf1 Nc3 33. Rf4 Nxe2+ 34. Kf2 Nxf4 35. Bxf4 Rb7 36. Ke3 Rxb4 37. Kd3 Re4 38. h3 Kf7 39. h4 Ke6 40. Bd2 h5 41. Bf4 Kf5 0-1


[Site "https://www.chess.com"]

[Event "Titled Tuesday Blitz June 28 Early 2022"]
[White "Dronavalli, Harika"]
[Black "Nilsson, Joakim"]
[WhiteFideId "5015197"]
[BlackFideId "1723383"]
[WhiteElo "2382"]
[BlackElo "2210"]
[Result "1-0"]
[Round "04"]
[TimeControl "180+1"]
[Date "2022.06.28"]
[WhiteClock "0:00:57"]
[BlackClock "0:00:04"]

1. d4 Nf6 2. c4 e6 3. Nc3 d5 4. Nf3 c6 5. e3 Ne4 6. Qc2 f5 7. Ne5 Bd6 8. f4 O-O 9. Nxe4 dxe4 10. Be2 b6 11. O-O Bb7 12. b3 c5 13. Bb2 cxd4 14. Bxd4 Nc6 15. Nxc6 Bxc6 16. b4 Qe7 17. c5 bxc5 18. bxc5 Bc7 19. a4 e5 20. fxe5 Bxe5 21. Bb5 Rac8 22. Qc4+ Kh8 23. Rac1 Bb8 24. Bxc6 Rxc6 25. Qd5 Qh4 26. Be5 Rd8 27. Bd6 Rcxd6 28. cxd6 Bxd6 29. Rfd1 Qxh2+ 30. Kf1 Qh1+ 31. Kf2 Qh4+ 32. Kg1 Qh2+ 33. Kf1 Qh1+ 34. Kf2 Qh4+ 35. Ke2 Qg4+ 36. Kf1 Qh4 37. Qxd6 Qh1+ 38. Kf2 Qh4+ 39. Qg3 1-0


[Site "https://www.chess.com"]

[Event "Titled Tuesday Blitz June 28 Early 2022"]
[White "Hartikainen, Jarmo"]
[Black "Mestnikov, Aisen"]
[WhiteFideId "503134"]
[BlackFideId "34130117"]
[WhiteElo "2151"]
[BlackElo "2027"]
[Result "1-0"]
[Round "04"]
[TimeControl "180+1"]
[Date "2022.06.28"]
[WhiteClock "0:00:30"]
[BlackClock "0:00:04"]

1. e4 e5 2. Nf3 Nf6 3. d4 Nxe4 4. Bd3 d5 5. Nxe5 Bd6 6. c4 O-O 7. O-O c6 8. Qb3 Nd7 9. cxd5 cxd5 10. Qxd5 Ndf6 11. Qb3 Be6 12. Qd1 Bc7 13. Be3 Bb6 14. Nc3 Nxc3 15. bxc3 Rc8 16. c4 g6 17. d5 Bxe3 18. fxe3 Qb6 19. Qf3 Bf5 20. Bxf5 gxf5 21. Rae1 Rce8 22. Qxf5 Kg7 23. Rf3 h6 24. Rg3+ Kh8 25. Qf4 Nh7 26. Nxf7+ Rxf7 27. Qxf7 1-0


[Site "https://www.chess.com"]

[Event "Titled Tuesday Blitz June 28 Early 2022"]
[White "Harvey, Marcus R"]
[Black "Baches Garcia, Guillermo"]
[WhiteFideId "400092"]
[BlackFideId "2209764"]
[WhiteElo "2485"]
[BlackElo "2475"]
[Result "1-0"]
[Round "04"]
[TimeControl "180+1"]
[Date "2022.06.28"]
[WhiteClock "0:00:46"]
[BlackClock "0:00:07"]

1. d4 Nf6 2. c4 e6 3. g3 d5 4. Bg2 Be7 5. Nf3 O-O 6. O-O dxc4 7. Qc2 a6 8. a4 Bd7 9. Qxc4 Bc6 10. Bg5 Nbd7 11. Rd1 h6 12. Bxf6 Nxf6 13. Nc3 Bd5 14. Nxd5 exd5 15. Qb3 Rb8 16. Ne5 c6 17. f3 Bd6 18. e3 Re8 19. f4 a5 20. Bf3 Bb4 21. Kg2 Qe7 22. h4 Nd7 23. Bh5 Nxe5 24. fxe5 Rf8 25. Rf1 f6 26. exf6 Rxf6 27. Rxf6 Qxf6 28. Rf1 Qe7 29. Bg6 Rf8 30. Rxf8+ Kxf8 31. Qd3 Qf6 32. Bf5 Ke7 33. Bc8 b6 34. Qa6 c5 35. Qb7+ Kf8 36. Qxd5 cxd4 37. exd4 Qd6 38. Qf5+ Qf6 39. Qe4 Qe7 40. Be6 g5 41. h5 Bd6 42. Qf5+ Ke8 43. Qg6+ Kd8 44. Qxh6 Kc7 45. d5 Bc5 46. Qg6 Qf8 47. Bf7 Qd6 48. Qxg5 Qe7 49. Qxe7+ Bxe7 50. Kf3 Kd7 51. g4 Bg5 52. Ke4 Kd6 53. Kf5 1-0


[Site "https://www.chess.com"]

[Event "Titled Tuesday Blitz June 28 Early 2022"]
[White "Hoffmann, Asa"]
[Black "Vianello, Enrico"]
[WhiteFideId "2001470"]
[BlackFideId "810738"]
[WhiteElo "2117"]
[BlackElo "2240"]
[Result "1-0"]
[Round "04"]
[TimeControl "180+1"]
[Date "2022.06.28"]
[WhiteClock "0:02:29"]
[BlackClock "0:02:16"]

1. d4 d5 2. Bg5 Nd7 3. c4 c6 4. cxd5 cxd5 5. Nc3 Ndf6 6. e3 h6 7. Bh4 e6 8. Bd3 a6 9. f4 Ne7 10. Nf3 Nc6 11. O-O Be7 12. Ne5 Bd7 13. Rc1 O-O 14. Qf3 Rc8 15. f5 exf5 16. Bxf5 Bxf5 17. Qxf5 Nxe5 18. dxe5 Ne4 19. Bxe7 Qxe7 20. Nxd5 Qh4 21. Rxc8 1-0


[Site "https://www.chess.com"]

[Event "Titled Tuesday Blitz June 28 Early 2022"]
[White "Horak, Martin"]
[Black "Mitrovic, Darko R"]
[WhiteFideId "367095"]
[BlackFideId "927023"]
[WhiteElo "1997"]
[BlackElo "2150"]
[Result "1-0"]
[Round "04"]
[TimeControl "180+1"]
[Date "2022.06.28"]
[WhiteClock "0:00:17"]
[BlackClock "0:00:04"]

1. e4 e6 2. Nf3 d5 3. e5 c5 4. b4 cxb4 5. a3 bxa3 6. d4 Nc6 7. c3 Bd7 8. Bd3 a6 9. Ng5 f5 10. h4 Rc8 11. g4 h6 12. Nxe6 Bxe6 13. gxf5 Bf7 14. e6 Nf6 15. exf7+ Kxf7 16. Nxa3 Bd6 17. Kf1 Qc7 18. Qf3 Rhe8 19. Qg2 Bf4 20. Rg1 Rg8 21. Nc2 Bxc1 22. Rxc1 Na5 23. Ne3 Nb3 24. Rc2 Qd7 25. Ng4 Nxg4 26. Qxg4 b5 27. Qg6+ Kf8 28. f6 Qf7 29. fxg7+ Rxg7 30. Qd6+ Kg8 31. Rxg7+ Kxg7 32. f4 Rf8 33. Rg2+ Kh8 34. Qxh6+ Qh7 35. Qxh7# 1-0


[Site "https://www.chess.com"]

[Event "Titled Tuesday Blitz June 28 Early 2022"]
[White "Hovhannisyan, Robert"]
[Black "Sanchez, Robert"]
[WhiteFideId "13302507"]
[BlackFideId "2034360"]
[WhiteElo "2570"]
[BlackElo "2062"]
[Result "1-0"]
[Round "04"]
[TimeControl "180+1"]
[Date "2022.06.28"]
[WhiteClock "0:00:58"]
[BlackClock "0:01:11"]

1. e4 e6 2. d4 d5 3. Nc3 Nf6 4. Bg5 Be7 5. e5 Nfd7 6. h4 h6 7. Bxe7 Qxe7 8. f4 O-O 9. Nf3 a6 10. Qd2 c5 11. O-O-O Nc6 12. g4 cxd4 13. Nxd4 f6 14. exf6 Qxf6 15. g5 Qxd4 16. Qxd4 Nxd4 17. Rxd4 b5 18. gxh6 gxh6 19. Rg1+ Kf7 20. Rd3 Bb7 21. Rdg3 Rg8 22. Rxg8 Rxg8 23. Rxg8 Kxg8 24. Ne2 e5 25. Bh3 Nc5 26. fxe5 Kf7 27. Kd2 Bc6 28. Nd4 Bd7 29. Bxd7 Nxd7 30. e6+ 1-0


[Site "https://www.chess.com"]

[Event "Titled Tuesday Blitz June 28 Early 2022"]
[White "Ianov, Viktor"]
[Black "Oliveira, Jonathan De"]
[WhiteFideId "14102730"]
[BlackFideId "2180820"]
[WhiteElo "2152"]
[BlackElo "2075"]
[Result "1-0"]
[Round "04"]
[TimeControl "180+1"]
[Date "2022.06.28"]
[WhiteClock "0:01:01"]
[BlackClock "0:00:10"]

1. Nf3 e6 2. g3 d5 3. Bg2 Nf6 4. O-O Be7 5. d3 O-O 6. Nbd2 c5 7. e4 Nc6 8. Re1 Qc7 9. e5 Nd7 10. Qe2 b5 11. Nf1 Bb7 12. Bf4 Rfc8 13. h4 Qd8 14. h5 h6 15. N1h2 Qf8 16. c4 bxc4 17. dxc4 Nb6 18. b3 a5 19. Ng4 a4 20. cxd5 Nxd5 21. Qd2 Kh8 22. Rad1 axb3 23. axb3 Ra3 24. Nfh2 Rxb3 25. Bxd5 exd5 26. e6 Nd4 27. exf7 Qxf7 28. Bxh6 Nf5 29. Ne5 Qxh5 30. g4 Qh3 31. gxf5 d4 32. f3 gxh6 33. Ng6+ Kg7 34. Rxe7+ Kf6 35. Re6+ Kf7 36. Ne5+ Kg8 37. Qg2+ Qxg2+ 38. Kxg2 Ra8 39. Nhg4 Kg7 40. f6+ Kf8 41. Re7 Bxf3+ 42. Nxf3 Ra2+ 43. Kg3 Raa3 44. Rf1 c4 45. Ne5 c3 46. Ng6+ Kg8 47. Rg7# 1-0


[Site "https://www.chess.com"]

[Event "Titled Tuesday Blitz June 28 Early 2022"]
[White "Ingebretsen, Jens E"]
[Black "Rustemov, Alexander"]
[WhiteFideId "1522965"]
[BlackFideId "4119002"]
[WhiteElo "2036"]
[BlackElo "2739"]
[Result "0-1"]
[Round "04"]
[TimeControl "180+1"]
[Date "2022.06.28"]
[WhiteClock "0:00:36"]
[BlackClock "0:01:13"]

1. c4 g6 2. Nc3 Bg7 3. g3 c5 4. Bg2 Nc6 5. e3 Bxc3 6. bxc3 Qc7 7. Ne2 b6 8. O-O Bb7 9. d3 d6 10. f4 h5 11. e4 h4 12. Be3 hxg3 13. Nxg3 Nf6 14. Bf3 O-O-O 15. a4 Na5 16. Rb1 Rh4 17. Rf2 Rdh8 18. Rb5 Bc6 19. Rbb2 Qd7 20. e5 Ng4 21. Bxg4 Rxg4 22. Rg2 Bxg2 23. Rxg2 Rgh4 24. Qf3 Qc6 25. Ne4 Rh3 26. Qg4+ Qd7 27. Qe2 Qxa4 28. exd6 exd6 29. Nxd6+ Kb8 30. Nxf7 Re8 31. Ne5 Nc6 32. Bxc5 bxc5 33. Nd7+ Kc7 34. Qxe8 Qd1+ 35. Kf2 Rf3# 0-1


[Site "https://www.chess.com"]

[Event "Titled Tuesday Blitz June 28 Early 2022"]
[White "Janaszak, Dawid"]
[Black "Deac, Bogdan-Daniel"]
[WhiteFideId "1119206"]
[BlackFideId "1226380"]
[WhiteElo "2199"]
[BlackElo "2648"]
[Result "0-1"]
[Round "04"]
[TimeControl "180+1"]
[Date "2022.06.28"]
[WhiteClock "0:00:05"]
[BlackClock "0:00:08"]

1. e4 c5 2. Nc3 d6 3. f4 Nc6 4. Nf3 e6 5. Bb5 Ne7 6. O-O a6 7. Bxc6+ Nxc6 8. d4 cxd4 9. Nxd4 Be7 10. Be3 O-O 11. Qf3 Bd7 12. Rad1 b5 13. e5 Nxd4 14. Bxd4 dxe5 15. Bxe5 Qc8 16. Ne4 Bc6 17. Qg3 f6 18. Nd6 Bxd6 19. Bxd6 Rf7 20. Rd2 Rd7 21. Rfd1 Qb7 22. Bb4 Bd5 23. Bc5 a5 24. a3 b4 25. Qf2 Rc8 26. axb4 axb4 27. Ra1 Qb5 28. Be3 Rdc7 29. h4 Be4 30. h5 Qxh5 31. Bb6 Rxc2 32. Rad1 Qxd1+ 33. Rxd1 Rxf2 34. Kxf2 Rc2+ 35. Ke3 Bxg2 36. Rd8+ Kf7 37. Bd4 h5 38. Rd7+ Kg6 39. Kd3 b3 40. Bc3 h4 41. Kc4 Bd5+ 42. Kd3 h3 43. Rd8 h2 44. Rh8 h1=Q 0-1


[Site "https://www.chess.com"]

[Event "Titled Tuesday Blitz June 28 Early 2022"]
[White "Jaracz, Pawel"]
[Black "Large, Peter G"]
[WhiteFideId "1102222"]
[BlackFideId "400866"]
[WhiteElo "2459"]
[BlackElo "2064"]
[Result "1-0"]
[Round "04"]
[TimeControl "180+1"]
[Date "2022.06.28"]
[WhiteClock "0:00:19"]
[BlackClock "0:00:10"]

1. e4 e6 2. d4 d5 3. Nd2 dxe4 4. Nxe4 Bd7 5. Nf3 Bc6 6. Ng3 Nd7 7. Bd3 Ngf6 8. O-O Bd6 9. Qe2 Bxf3 10. Qxf3 c6 11. c3 Qc7 12. Bd2 O-O 13. Rfe1 Rfe8 14. Rad1 Rad8 15. Bg5 h6 16. Bc1 Bf8 17. Ne4 Nxe4 18. Qxe4 Nf6 19. Qf3 Be7 20. Bf4 Qa5 21. a3 Qh5 22. Be2 Qxf3 23. Bxf3 Bd6 24. Bc1 a5 25. a4 Nd5 26. g3 Bf8 27. h4 b5 28. axb5 cxb5 29. Be2 Rb8 30. Bd2 Rec8 31. Rc1 a4 32. Kg2 Be7 33. Bf3 Nb6 34. Bf4 Nc4 35. Bxb8 Rxb8 36. Rc2 b4 37. cxb4 Rxb4 38. Rec1 Nxb2 39. Rc8+ Kh7 40. R1c7 Bf6 41. Be4+ g6 42. Rxf7+ Bg7 43. h5 Rxd4 44. Bxg6# 1-0


[Site "https://www.chess.com"]

[Event "Titled Tuesday Blitz June 28 Early 2022"]
[White "Jaskolka, Tomasz"]
[Black "Rosenberg, Evan S"]
[WhiteFideId "1170791"]
[BlackFideId "2019299"]
[WhiteElo "2073"]
[BlackElo "2155"]
[Result "0-1"]
[Round "04"]
[TimeControl "180+1"]
[Date "2022.06.28"]
[WhiteClock "0:01:28"]
[BlackClock "0:00:16"]

1. e4 e6 2. d3 d5 3. Nd2 Nf6 4. Ngf3 Nc6 5. g3 dxe4 6. dxe4 Bc5 7. Bg2 e5 8. O-O O-O 9. c3 a5 10. h3 Qe7 11. Qc2 a4 12. Kh2 h6 13. Nc4 b6 14. Be3 Ba6 15. b3 Bxc4 16. bxc4 Bxe3 17. fxe3 a3 18. Nh4 g6 19. Qf2 Kg7 20. Rad1 Rad8 21. Rd5 Rd6 22. g4 Nxd5 23. exd5 Na5 24. Qg3 Nxc4 25. e4 Ne3 26. Rf3 Nxg2 27. Nxg2 Rf6 28. Ne3 Rxf3 29. Qxf3 Qc5 30. Qg3 Kh7 31. h4 Qxc3 32. h5 gxh5 33. Qf3 f6 34. Qf5+ Kh8 35. Ng2 Qd2 36. Kg3 Qg5 37. Ne3 Qxe3+ 38. Kh2 Qf4+ 39. Qxf4 exf4 40. gxh5 Re8 41. Kg2 Rxe4 42. Kf3 Re5 43. d6 cxd6 44. Kxf4 Rxh5 0-1


[Site "https://www.chess.com"]

[Event "Titled Tuesday Blitz June 28 Early 2022"]
[White "Jeet, Jain"]
[Black "Bychkov, Vladimir"]
[WhiteFideId "5073022"]
[BlackFideId "24151513"]
[WhiteElo "2055"]
[BlackElo "2197"]
[Result "1-0"]
[Round "04"]
[TimeControl "180+1"]
[Date "2022.06.28"]
[WhiteClock "0:02:06"]
[BlackClock "0:01:33"]

1. d4 Nf6 2. Nf3 g6 3. Nc3 d5 4. Bf4 c6 5. e3 Bg7 6. Bd3 Nbd7 7. h4 a5 8. e4 dxe4 9. Nxe4 Nxe4 10. Bxe4 Nf6 11. Bd3 Bg4 12. c3 Qd5 13. Be2 Nh5 14. Be3 O-O 15. Qb3 Qd7 16. a4 Rfe8 17. O-O Qd5 18. Bc4 Qf5 19. Ng5 e6 20. f3 Ng3 21. fxg4 Qxg4 22. Rxf7 Nf5 23. Bxe6 Kh8 24. Rxf5 gxf5 25. Nf7+ Kg8 26. Nh6+ 1-0


[Site "https://www.chess.com"]

[Event "Titled Tuesday Blitz June 28 Early 2022"]
[White "Jiganchine, Roman"]
[Black "D`Arruda, Ricardo D."]
[WhiteFideId "2603667"]
[BlackFideId "100692"]
[WhiteElo "2268"]
[BlackElo "2490"]
[Result "1-0"]
[Round "04"]
[TimeControl "180+1"]
[Date "2022.06.28"]
[WhiteClock "0:00:17"]
[BlackClock "0:00:17"]

1. Nf3 d5 2. e3 Nf6 3. c4 c6 4. Nc3 g6 5. b3 Bg7 6. Bb2 O-O 7. Be2 Na6 8. O-O Nc5 9. d4 Nce4 10. Rc1 Bf5 11. h3 Qa5 12. a3 Nxc3 13. Rxc3 Ne4 14. Rc1 Rfd8 15. b4 Qb6 16. Qb3 a6 17. Rfd1 h6 18. Ne5 Be6 19. f3 Nf6 20. cxd5 cxd5 21. Rc2 Nd7 22. Nxd7 Rxd7 23. Rdc1 Kh7 24. Kf2 f5 25. Bd3 Bf7 26. g4 e6 27. Qa4 Qd6 28. Kg2 Bf6 29. Rc8 Rxc8 30. Rxc8 h5 31. Qc2 hxg4 32. hxg4 fxg4 33. fxg4 Bh4 34. Kf1 Qg3 35. e4 e5 36. exd5 Qxg4 37. dxe5 Bxd5 38. e6 Bxe6 39. Rh8# 1-0


[Site "https://www.chess.com"]

[Event "Titled Tuesday Blitz June 28 Early 2022"]
[White "Johnson, Ben"]
[Black "Rios Escobar, Adan"]
[WhiteFideId "2010917"]
[BlackFideId "3403645"]
[WhiteElo "2184"]
[BlackElo "2463"]
[Result "0-1"]
[Round "04"]
[TimeControl "180+1"]
[Date "2022.06.28"]
[WhiteClock "0:00:01"]
[BlackClock "0:00:01"]

1. Nf3 Nf6 2. c4 g6 3. b3 Bg7 4. Bb2 O-O 5. g3 d6 6. d4 e5 7. dxe5 dxe5 8. Qxd8 Rxd8 9. Bxe5 Nc6 10. Bb2 Nb4 11. Na3 Ne4 12. Bxg7 Kxg7 13. Bg2 Nc3 14. e3 a5 15. O-O Nbxa2 16. Nd4 c6 17. Nac2 a4 18. b4 a3 19. Nb3 Be6 20. Na5 Rd2 21. Nxa3 Nxb4 22. Nxb7 Nba2 23. Nb1 Rb8 24. Nxc3 Nxc3 25. Na5 c5 26. Bf3 Rbb2 27. Kg2 Ra2 28. Rxa2 Rxa2 29. Nb7 Bxc4 30. Rc1 Ra3 31. Nxc5 Bb5 32. Ne4 Ne2 33. Rc5 Bd3 34. Nd6 Nc3 35. Rc7 Kf6 36. Nxf7 Ne4 37. Nd8 Ra2 38. Rc6+ Ke7 39. Nb7 Rxf2+ 40. Kh3 Rxf3 41. Rc7+ Ke8 42. Rxh7 Bf1+ 43. Kg4 Be2 44. Kh3 g5 45. Rg7 Nf6 0-1


[Site "https://www.chess.com"]

[Event "Titled Tuesday Blitz June 28 Early 2022"]
[White "Johnson, Donald"]
[Black "Vidonyak, Roman"]
[WhiteFideId "30949122"]
[BlackFideId "14100622"]
[WhiteElo "1724"]
[BlackElo "2341"]
[Result "1-0"]
[Round "04"]
[TimeControl "180+1"]
[Date "2022.06.28"]
[WhiteClock "0:02:45"]
[BlackClock "0:02:18"]

1. e4 c5 2. c3 d5 3. exd5 Qxd5 4. d4 Nc6 5. Nf3 cxd4 6. cxd4 e5 7. Nc3 Bb4 8. Nxe5 Nxe5 9. dxe5 Qxe5+ 10. Be2 Bxc3+ 11. bxc3 Qxc3+ 12. Bd2 Qf6 13. Bb5+ Kf8 14. Bb4+ Ne7 15. Qd8# 1-0


[Site "https://www.chess.com"]

[Event "Titled Tuesday Blitz June 28 Early 2022"]
[White "Joie, Sebastien"]
[Black "Thiel, Thomas"]
[WhiteFideId "650420"]
[BlackFideId "4615964"]
[WhiteElo "2397"]
[BlackElo "2261"]
[Result "1-0"]
[Round "04"]
[TimeControl "180+1"]
[Date "2022.06.28"]
[WhiteClock "0:01:05"]
[BlackClock "0:00:55"]

1. d4 Nf6 2. c4 g6 3. Nc3 d5 4. e3 Bg7 5. Qb3 dxc4 6. Bxc4 O-O 7. Nf3 Nc6 8. Be2 Nd7 9. O-O Nb6 10. Rd1 a5 11. Bd2 a4 12. Qc2 a3 13. b3 Bf5 14. e4 Bg4 15. d5 Nb4 16. Qb1 Qc8 17. Be1 e6 18. h3 Bxf3 19. Bxf3 exd5 20. exd5 Re8 21. Qc1 Qf5 22. Qd2 Nc2 23. Rac1 Nxe1 24. Rxe1 Rxe1+ 25. Rxe1 Rd8 26. Nb5 Be5 27. Nxa3 Bf4 28. Qd4 Bd2 29. Qxd2 1-0


[Site "https://www.chess.com"]

[Event "Titled Tuesday Blitz June 28 Early 2022"]
[White "Jones, Gawain C B"]
[Black "Le, Quang Liem"]
[WhiteFideId "409561"]
[BlackFideId "12401137"]
[WhiteElo "2657"]
[BlackElo "2657"]
[Result "0-1"]
[Round "04"]
[TimeControl "180+1"]
[Date "2022.06.28"]
[WhiteClock "0:00:02"]
[BlackClock "0:00:46"]

1. Nf3 c5 2. g3 Nc6 3. Bg2 g6 4. c4 Bg7 5. O-O d6 6. Nc3 h5 7. Rb1 Nh6 8. a3 Nf5 9. b4 h4 10. e3 h3 11. Bh1 O-O 12. Ne4 b6 13. Neg5 Nh6 14. Nh4 Bg4 15. Qc2 Rc8 16. Bb2 e5 17. Bd5 Qxg5 18. f4 exf4 19. exf4 Qh5 20. Bxg7 Kxg7 21. bxc5 Nd4 22. Qe4 dxc5 23. Rbe1 Nhf5 24. Qe5+ Kg8 25. Qf6 Nxh4 26. gxh4 Be6 27. Qg5 Qxg5+ 28. hxg5 Bxd5 29. cxd5 Rfd8 30. Re3 Rxd5 31. Rxh3 Nf5 32. Re1 Rxd2 33. a4 c4 0-1


[Site "https://www.chess.com"]

[Event "Titled Tuesday Blitz June 28 Early 2022"]
[White "Jovic, Stanoje"]
[Black "Nenezic, Marko"]
[WhiteFideId "905020"]
[BlackFideId "912123"]
[WhiteElo "2286"]
[BlackElo "2432"]
[Result "0-1"]
[Round "04"]
[TimeControl "180+1"]
[Date "2022.06.28"]
[WhiteClock "0:00:10"]
[BlackClock "0:01:13"]

1. c4 Nf6 2. g3 g6 3. Bg2 Bg7 4. Nc3 O-O 5. Nf3 d6 6. O-O e5 7. d3 Nc6 8. Rb1 a5 9. a3 h6 10. b4 axb4 11. axb4 Be6 12. b5 Ne7 13. e4 c6 14. h3 Qd7 15. Kh2 Nh7 16. Be3 f5 17. exf5 gxf5 18. Qc1 f4 19. Bd2 Ng5 20. Nxg5 hxg5 21. Ne4 g4 22. hxg4 Bxg4 23. f3 Be6 24. g4 Ng6 25. Bh3 Ra2 26. Rb2 Rfa8 27. Qc2 Rxb2 28. Qxb2 cxb5 29. cxb5 Ra2 30. Qb4 d5 31. Nc5 Qe7 32. Rf2 b6 33. Qb3 Qxc5 34. Kg2 Nh4+ 35. Kf1 Ra1+ 36. Ke2 Bf7 37. Bc3 Qe3# 0-1


[Site "https://www.chess.com"]

[Event "Titled Tuesday Blitz June 28 Early 2022"]
[White "Kalogridis, Antonios"]
[Black "Zaksaite, Salomeja"]
[WhiteFideId "25833901"]
[BlackFideId "12801496"]
[WhiteElo "1596"]
[BlackElo "1953"]
[Result "1-0"]
[Round "04"]
[TimeControl "180+1"]
[Date "2022.06.28"]
[WhiteClock "0:01:26"]
[BlackClock "0:00:37"]

1. d4 Nf6 2. Nc3 g6 3. e4 d6 4. Nf3 Bg7 5. Bd3 O-O 6. O-O c6 7. h3 Qc7 8. a4 e5 9. Be3 Re8 10. Re1 Nbd7 11. Nb1 Nf8 12. Nbd2 b6 13. dxe5 dxe5 14. Nc4 Bb7 15. c3 Rad8 16. Qc2 N8d7 17. b4 Nb8 18. Rad1 Bc8 19. Bf1 h6 20. Rxd8 Qxd8 21. Ncxe5 Nh7 22. Nc4 Qc7 23. g3 Nd7 24. Bf4 Qd8 25. Nd6 Re6 26. Bc4 Re7 27. Qa2 Bxc3 28. Nxf7 Qf8 29. Bxh6 Bxe1 30. N7e5+ 1-0


[Site "https://www.chess.com"]

[Event "Titled Tuesday Blitz June 28 Early 2022"]
[White "Kanyamarala, Trisha"]
[Black "Shuvalov, Evgenij"]
[WhiteFideId "45004722"]
[BlackFideId "4187237"]
[WhiteElo "2134"]
[BlackElo "2023"]
[Result "0-1"]
[Round "04"]
[TimeControl "180+1"]
[Date "2022.06.28"]
[WhiteClock "0:00:01"]
[BlackClock "0:00:03"]

1. b3 d5 2. Bb2 Nf6 3. Nf3 Bf5 4. g3 e6 5. Bg2 h6 6. O-O Be7 7. c4 c6 8. d3 O-O 9. Nbd2 Bh7 10. Re1 Nbd7 11. a3 a5 12. Ne5 Nxe5 13. Bxe5 Nd7 14. Bb2 Bc5 15. d4 Be7 16. e4 Nf6 17. e5 Nd7 18. Qg4 Bg5 19. f4 Be7 20. Nf1 a4 21. cxd5 cxd5 22. Ne3 axb3 23. f5 exf5 24. Nxf5 Bxf5 25. Qxf5 Nb6 26. e6 fxe6 27. Qxe6+ Rf7 28. Bh3 Nc4 29. Rab1 Ra6 30. Qe2 Kh8 31. Be6 Rf6 32. Bg4 Bf8 33. Bc1 Rab6 34. Bf4 b2 35. Qe8 Qxe8 36. Rxe8 Kg8 37. Ra8 Nxa3 38. Rxa3 Bxa3 39. Bf3 Rb5 40. Be2 Rb4 41. Be5 Rfb6 42. Bf3 R4b5 43. Be2 Kf7 44. Bxb5 Rxb5 45. Kf2 Ke6 46. Ke2 Rb3 47. Kd2 Rf3 48. Kc2 Rf2+ 49. Kb3 Rf3+ 50. Ka2 b5 51. Re1 b4 52. Kb1 Kf7 53. Bf4 Rf2 54. h4 b3 55. Be5 Rc2 56. Bf4 Kg6 57. Rf1 Kh5 58. Re1 g5 59. hxg5 hxg5 60. Rh1+ Kg4 61. Be3 Re2 0-1


[Site "https://www.chess.com"]